 Dungeon Crawl Stone Soup version 0.28-a0-793-g31680bbd8b (webtiles) character file.

Game seed: 18020002577501919783

50 BinkBink the Firebug (level 3, -3/19 HPs)
             Began as a Deep Elf Fire Elementalist on Nov 5, 2021.
             Killed from afar by Ijyb (10 damage)
             ... with an iceblast
             ... on level 2 of the Dungeon.
             The game lasted 00:02:57 (1330 turns).

BinkBink the Firebug (Deep Elf Fire Elementalist)   Turns: 1330, Time: 00:02:58

Health: -3/19      AC:  2    Str:  5    XL:     3   Next: 55%
Magic:  0/10       EV: 12    Int: 20    God:
Gold:   39         SH:  0    Dex: 15    Spells: 8/9 levels left

rFire   . . .      SeeInvis .   (no weapon)
rCold   . . .      Faith    .   (no shield)
rNeg    . . .      Spirit   .   a - +0 robe
rPois   .          Reflect  .   (no helmet)
rElec   .          Harm     .   (no cloak)
rCorr   .          Rampage  .   (no gloves)
Will    .....                   (no boots)
Stlth   ++........              (no amulet)
HPRegen 0.06/turn               (no ring)
MPRegen 0.12/turn               (no ring)

@: no status effects
A: no striking features
a: no special abilities


You were on level 2 of the Dungeon.
You visited 1 branch of the dungeon, and saw 2 of its levels.

You collected 39 gold pieces.

Inventory:

Armour
 a - a +0 robe (worn)
Scrolls
 b - 3 scrolls of identify {unknown}
 c - a scroll of noise {unknown}
 e - a scroll of teleportation {unknown}
Potions
 d - a potion of curing {unknown}
 f - a potion of heal wounds {unknown}
 g - a potion of attraction {unknown}


   Skills:
 - Level 2.4 Dodging
 - Level 2.4 Stealth
 + Level 3.6 Spellcasting
 + Level 1.6 Conjurations
 + Level 4.5 Fire Magic


You had 8 spell levels left.
You knew the following spells:

 Your Spells              Type           Power      Damage    Failure   Level
a - Foxfire               Conj/Fire      64%        2x1d7     3%          1

Your spell library contained the following spells:

 Spells                   Type           Power      Damage    Failure   Level
 Scorch                   Fire           42%        2d7       3%          2
 Conjure Flame            Conj/Fire      16%        6-21      11%         3
 Slow                     Hex            12%        N/A       14%         1
 Inner Flame              Hex/Fire       12%        N/A       16%         3
 Flame Wave               Conj/Fire      16%        3d5       36%         4
 Confusing Touch          Hex            3%         N/A       38%         3
 Vampiric Draining        Necr           3%         2d6       38%         3


Dungeon Overview and Level Annotations

Branches:
Dungeon (2/15)

Altars:

Annotations:
D:2 Ijyb


Message History

The foxfire hits the goblin.
You kill the goblin!
The foxfire hits the goblin.
The goblin is severely wounded.
You conjure some foxfire!
The foxfire hits the goblin.
You kill the goblin!
The foxfire hits the goblin.
The goblin is severely wounded.
You conjure some foxfire!
The foxfire hits Ijyb.
Ijyb is lightly wounded.
The foxfire hits Ijyb but does no damage.
Ijyb is lightly wounded.
You conjure some foxfire!
The foxfire hits Ijyb!
Ijyb is moderately wounded.
You conjure some foxfire!
The foxfire hits Ijyb but does no damage.
Ijyb is moderately wounded.
The foxfire hits Ijyb.
Ijyb is heavily wounded.
The foxfire hits Ijyb but does no damage.
Ijyb is heavily wounded.
The foxfire hits Ijyb.
Ijyb is severely wounded.
You conjure some foxfire!
The foxfire hits Ijyb.
Ijyb is severely wounded.
You conjure some foxfire!
The foxfire hits Ijyb but does no damage.
Ijyb is severely wounded.
The foxfire hits Ijyb but does no damage.
Ijyb is severely wounded.
Ijyb hits you with a +0 dagger. The goblin hits you with a +0 club.
You are too injured to fight recklessly!
Your foxfire dissipates!
The foxfire hits Ijyb.
Ijyb is severely wounded.
Ijyb screams, "It's all mine!"
You see here 13 bolts.
Ijyb zaps a wand.
The mass of ice explodes!
The iceblast engulfs you!
Ouch! That really hurt!
You die...

...# ...######
#..8.8.8. #........
#....)... #.....)..
#.##### #...)....
#.....####...))...
#######.@.gg..8.8.8.
........############
#######.# #.# #.#
#.# #.# #.#
#########.#


You could see Ijyb and a goblin.

Vanquished Creatures
  A hound skeleton (D:2)
  A dart slug (D:1)
  3 ball pythons (D:1)
  4 endoplasms (D:1)
  A giant cockroach (D:1)
  4 hobgoblins (D:1)
  2 quokkas (D:1)
  2 bats
  8 goblins
  A kobold (D:1)
  3 rats
30 creatures vanquished.

Vanquished Creatures (others)
  76 foxfires
76 creatures vanquished.

Grand Total: 106 creatures vanquished

Notes
Turn   | Place    | Note
-------+----------+-------------------------------------------
     0 | D:1      | BinkBink the Deep Elf Fire Elementalist began the quest for
                  | the Orb.
     0 | D:1      | Reached XP level 1. HP: 10/10 MP: 6/6
   329 | D:1      | Reached skill level 4 in Fire Magic
   329 | D:1      | Reached XP level 2. HP: 7/15 MP: 2/8
  1214 | D:2      | Reached XP level 3. HP: 19/19 MP: 6/9
  1318 | D:2      | Noticed Ijyb
  1330 | D:2      | Killed from afar by Ijyb

Illustrated notes

Levels and vault maps discovered:
D:1:      kennysheep_arrival_forest, layout_loops_ring
D:2:      kennysheep_the_goblin_king, layout_loops_ring, basic_ecumenical_altar,
          minmay_pentomino_pile, uniq_natasha

Skill      XL: |  1 |
---------------+----+-----
Fire Magic     | 4 |  4.5
Dodging        | |  2.4
Stealth        | |  2.4
Spellcasting   | |  3.6
Conjurations   | |  1.6

Action                   || total
-------------------------++-------
 Cast: Foxfire           ||    52
Armor: Robe              ||     2
Dodge: Dodged            ||    14

Table legend: (Time is in decaauts)
 A = Elapsed time spent in this place.
 B = Non-inter-level travel time spent in this place.
 C = Inter-level travel time spent in this place.
 D = Time resting spent in this place.
 E = Time spent auto-exploring this place.
 F = Levels seen in this place.
 G = Mean time per level.
                   A        B        C        D        E       F      G
               +--------+--------+--------+--------+--------+-----+--------+
         Total |   1329 |   1275 |     54 |      0 |   1118 |   2 |  664.5 |
       Dungeon |   1329 |   1275 |     54 |      0 |   1118 |   2 |  664.5 |
               +--------+--------+--------+--------+--------+-----+--------+

Top non-repeatable levels by time:
     D:1: 1209 daAuts
     D:2: 120 daAuts
